 Dungeon Crawl Stone Soup version 0.29-a0-330-g52719c12eb (webtiles) character file.

Game seed: 8083358158412646728

576 Concombre the Vandal (level 7, 0/60 HPs)
             Began as a Minotaur Fighter on Apr 28, 2022.
             Slain by a gnoll
             ... wielding a +0 halberd
              (5 damage)
             ... on level 4 of the Dungeon.
             The game lasted 00:15:21 (4118 turns).

Concombre the Vandal (Minotaur Fighter)             Turns: 4118, Time: 00:15:23

Health: 0/60       AC:  9    Str: 23    XL:     7   Next: 13%
Magic:  6/6        EV: 10    Int: 11    God:
Gold:   216        SH:  4    Dex: 11    Spells: 6/6 levels left

rFire   + . .      SeeInvis .   a - +1 trident
rCold   . . .      Faith    .   c - +0 buckler
rNeg    . . .      Spirit   .   b - +0 scale mail
rPois   .          Reflect  .   (helmet restricted)
rElec   +          Harm     .   l - +0 cloak
rCorr   .          Rampage  .   n - +0 pair of gloves {hurl}
Will    .....                   (no boots)
Stlth   ..........              (no amulet)
HPRegen 0.20/turn               j - +6 ring of intelligence
MPRegen 0.10/turn               f - ring of protection from fire

@: mighty
A: horns 2, retaliatory headbutt, agile 1, sense surroundings 1, electricity
resistance
a: no special abilities


You were on level 4 of the Dungeon.
You visited 1 branch of the dungeon, and saw 4 of its levels.

You collected 216 gold pieces.

Inventory:

Hand Weapons
 a - a +1 trident (weapon)
 k - a +1 hunting sling
Missiles
 e - 209 stones
 o - 10 boomerangs
 p - 15 poisoned darts (quivered)
Armour
 b - a +0 scale mail (worn)
 c - a +0 buckler (worn)
 l - a +0 cloak (worn)
 n - a +0 pair of gloves of hurling (worn)
Jewellery
 f - a ring of protection from fire (right hand)
 j - a +6 ring of intelligence (left hand)
Scrolls
 g - 2 scrolls of identify
 q - a scroll of fear
 r - a scroll of teleportation
Potions
 h - a potion of resistance
 i - 5 potions of curing


   Skills:
 + Level 4.8 Fighting
 + Level 3.1 Polearms
 + Level 5.4 Slings
 - Level 0.1(3.0) Throwing
 + Level 4.9 Armour
 * Level 3.2 Dodging
 + Level 4.2 Shields


You had 6 spell levels left.
You didn't know any spells.
Your spell library contained the following spells:

 Spells                   Type           Power      Damage    Failure   Level
 Animate Skeleton         Necr           0%         N/A       75%         1
 Pain                     Necr           0%         1d4       75%         1
 Sublimation of Blood     Necr           0%         N/A       86%         2
 Wereblood                Tmut           0%         N/A       86%         2
 Vampiric Draining        Necr           0%         2d6       98%         3
 Summon Hydra             Summ           0%         N/A       100%        7


Dungeon Overview and Level Annotations

Branches:
Dungeon (4/15)
 Temple: D:4-7

Altars:
Gozag
Uskayaw


Innate Abilities, Weirdness & Mutations

You have a pair of horns on your head.
You reflexively headbutt those who attack you in melee.
You are agile. (Dex +2)
You passively map a small area around you.
You are resistant to electric shocks. (rElec)


Message History

You aren't carrying any items that you can evoke.
Really attack while wielding your +1 hunting sling?
Okay, then.
Unknown command.
a - a +1 trident (weapon)
You barely miss the gnoll shaman. Your headbutt misses the gnoll shaman.
The gnoll shaman is heavily wounded.
The gnoll shaman hits you with a +0 whip.
You puncture the gnoll shaman!
You kill the gnoll shaman!
You hit the gnoll.
The gnoll is heavily wounded.
The gnoll barely misses you. x2; The gnoll hits you with a +0 flail.
* * * LOW HITPOINT WARNING * * *
The gnoll hits you from afar with a +0 spear.
* * * LOW HITPOINT WARNING * * *
You feel much better. The gnoll hits you but does no damage.
The gnoll hits you from afar with a +0 spear.
You feel very mighty all of a sudden. You block the gnoll's attack.
You puncture the gnoll!
You kill the gnoll!
The gnoll hits you but does no damage.
You are too injured to fight recklessly!
The gnoll misses you. The gnoll hits you with a +0 spear.
Items here: )) [ †.
You closely miss the gnoll. Your headbutt misses the gnoll.
The gnoll hits you from afar with a +0 halberd!
You hit the gnoll.
The gnoll is moderately wounded.
The gnoll hits you from afar with a +0 halberd.
* * * LOW HITPOINT WARNING * * *
The gnoll hits you but does no damage.
You puncture the gnoll!
The gnoll is almost dead.
The gnoll hits you from afar with a +0 halberd!
* * * LOW HITPOINT WARNING * * *
The gnoll hits you but does no damage.
The gnoll hits you from afar with a +0 halberd.
You die...

........#*## *#..##
##..#** ......###
#...######.)#### ....##
######...............
...#
*#....................
..#*
#..####................
#.## ..#
##............... #..##
#.# #ggg.....)......)
#...#####..#
##g###............
#.....#...# ##@##
#............
.........#* ##.##
#............
.......##* #.##
##........... ###....#
#.# ##.......... ###..#
#.# ##......... #..#
##.# #####.........
#..# #..#
#..##.........
#..######..#
#.......†.....
#.........##
#....#........


You could see 4 gnolls.

Vanquished Creatures
  An ice beast (D:2)
  A sky beast (D:3)
  A scorpion (D:4)
  A hound (D:4)
  2 orc priests
  A gnoll shaman (D:4)
  Jessica (D:3)
  An iguana (D:4)
  A gnoll (D:4)
  5 adders
  2 worms
  2 dart slugs (D:1)
  12 orcs
  5 ball pythons
  7 bats
  7 endoplasms (D:1)
  6 giant cockroaches
  8 hobgoblins
  5 quokkas
  9 frilled lizards
  7 goblins
  8 kobolds
  2 rats (D:1)
95 creatures vanquished.

Notes
Turn   | Place    | Note
-------+----------+-------------------------------------------
     0 | D:1      | Concombre the Minotaur Fighter began the quest for the Orb.
     0 | D:1      | Reached XP level 1. HP: 19/19 MP: 0/0
   304 | D:1      | Reached XP level 2. HP: 23/27 MP: 1/1
   585 | D:1      | Reached skill level 1 in Slings
   767 | D:1      | Reached XP level 3. HP: 33/33 MP: 2/2
  1082 | D:1      | Reached skill level 1 in Dodging
  1302 | D:2      | Reached skill level 2 in Slings
  1892 | D:2      | Reached XP level 4. HP: 40/40 MP: 3/3
  2120 | D:3      | Noticed an ice beast
  2429 | D:3      | Gained mutation: You are resistant to electric shocks.
                  | (rElec) [potion of mutation]
  2429 | D:3      | Gained mutation: You passively map a small area around you.
                  | [potion of mutation]
  2429 | D:3      | Gained mutation: You are agile. (Dex +2) [potion of
                  | mutation]
  2635 | D:2      | Killed an ice beast
  2636 | D:2      | Reached skill level 3 in Slings
  2636 | D:2      | Reached XP level 5. HP: 36/47 MP: 4/4
  2789 | D:3      | Found a hide-covered altar of Uskayaw.
  2862 | D:3      | Found a faded altar of an unknown god.
  2873 | D:3      | Noticed a sky beast
  2907 | D:3      | Killed a sky beast
  2908 | D:3      | Reached skill level 4 in Slings
  2908 | D:3      | Reached XP level 6. HP: 32/53 MP: 5/5
  3167 | D:3      | Noticed Jessica
  3176 | D:3      | Killed Jessica
  3755 | D:4      | Reached skill level 5 in Slings
  3925 | D:4      | Found an opulent altar of Gozag.
  3960 | D:4      | Reached XP level 7. HP: 60/60 MP: 6/6
  4118 | D:4      | Slain by a gnoll

Illustrated notes

Levels and vault maps discovered:
D:1:      dpeg_arrival_rhombi, layout_loops_ring, st_stairs_7
D:2:      layout_basic
D:3:      layout_rooms, eat_drink_and_be_merry_uskayaw,
          dreamdust_ecumenical_altar_statues, uniq_jessica
D:4:      layout_layer_cave, nicolae_gozag_seed_capital, lemuel_doored_altar

Skill      XL: |  1  2  3  4  5  6 |
---------------+-------------------+-----
Fighting       | 4 |  4.8
Armour         | 4 |  4.9
Slings         | 1 2 3 4 5 |  5.4
Dodging        | 1 2 3 |  3.2
Shields        | 4 |  4.2
Polearms       | 3 |  3.1
Throwing       | |  0.1

Action                   |  1- 3 |  4- 6 |  7- 9 || total
-------------------------+-------+-------+-------++-------
Melee: Trident           |    12 |    55 |     7 ||    74
       Headbutt          |     1 |     6 |       ||     7
 Fire: Hunting sling     |   179 |   101 |    17 ||   297
Throw: Dart              |       |     3 |       ||     3
  Use: Scroll            |       |    13 |       ||    13
       Potion            |       |     2 |     2 ||     4
Armor: Scale mail        |    79 |    52 |     6 ||   137
Dodge: Dodged            |    51 |    37 |     9 ||    97
Block: Buckler           |    28 |    22 |     5 ||    55

Table legend: (Time is in decaauts)
 A = Elapsed time spent in this place.
 B = Non-inter-level travel time spent in this place.
 C = Inter-level travel time spent in this place.
 D = Time resting spent in this place.
 E = Time spent auto-exploring this place.
 F = Levels seen in this place.
 G = Mean time per level.
                   A        B        C        D        E       F      G
               +--------+--------+--------+--------+--------+-----+--------+
         Total |   4295 |   4023 |    272 |    798 |   2348 |   4 | 1073.8 |
       Dungeon |   4295 |   4023 |    272 |    798 |   2348 |   4 | 1073.8 |
               +--------+--------+--------+--------+--------+-----+--------+

Top non-repeatable levels by time:
     D:2: 1494 daAuts
     D:1: 1274 daAuts
     D:3: 965 daAuts
     D:4: 561 daAuts
